 Dungeon Crawl Stone Soup version 0.28.0-53-g5a82cb258f (webtiles) character file.

Game seed: 4196068765628797002

63 Sin92 the Magician (level 3, -2/25 HPs)
             Began as a Demonspawn Hedge Wizard on July 12, 2022.
             Slain by Ijyb
             ... wielding a +4 club
              (9 damage)
             ... on level 3 of the Dungeon.
             The game lasted 00:02:33 (3272 turns).

Sin92 the Magician (Demonspawn Hedge Wizard)        Turns: 3272, Time: 00:02:33

Health: -2/25      AC:  4    Str:  9 (10) XL:     3   Next: 89%
Magic:  7/7        EV: 12    Int: 13 (15) God:
Gold:   150        SH:  0    Dex: 11 (14) Spells: 7/8 levels left

rFire   . . .      SeeInvis .   f - +5 short sword
rCold   . . .      Faith    .   (no shield)
rNeg    . . .      Spirit   .   b - +0 robe
rPois   .          Reflect  .   c - +0 hat
rElec   .          Harm     .   (no cloak)
rCorr   .          Rampage  .   (no gloves)
Will    .....                   (no boots)
Stlth   ++........              (no amulet)
HPRegen 0.08/turn               (no ring)
MPRegen 0.10/turn               (no ring)

@: no status effects
A: slimy green scales 1, demonic guardian 1
a: no special abilities


You were on level 3 of the Dungeon.
You visited 1 branch of the dungeon, and saw 3 of its levels.

You collected 150 gold pieces.

Inventory:

Hand Weapons
 a - a +0 dagger
 f - a +5 short sword (weapon)
Missiles
 g - 3 boomerangs of dispersal
Armour
 b - a +0 robe (worn)
 c - a +0 hat (worn)
Scrolls
 d - a scroll of summoning
 h - a scroll of identify
Potions
 e - a potion of brilliance
 j - a potion of magic


   Skills:
 + Level 0.8 Fighting
 * Level 1.4 Short Blades
 + Level 2.1 Dodging
 + Level 2.2 Stealth
 + Level 3.1 Spellcasting
 + Level 1.5 Conjurations
 - Level 1.0 Summonings
 + Level 1.4 Translocations


You had 7 spell levels left.
You knew the following spells:

 Your Spells              Type           Power      Damage    Failure   Level
a - Magic Dart            Conj           20%        1d4       12%         1

Your spell library contained the following spells:

 Spells                   Type           Power      Damage    Failure   Level
 Blink                    Tloc           10%        N/A       19%         2
 Slow                     Hex            8%         N/A       22%         1
 Call Imp                 Summ           4%         N/A       22%         2
 Corpse Rot               Necr/Air       4%         N/A       34%         2
 Gell's Gravitas          Tloc           5%         N/A       36%         3
 Lesser Beckoning         Tloc           5%         N/A       36%         3
 Teleport Other           Tloc           5%         N/A       36%         3
 Conjure Flame            Conj/Fire      4%         6-21      45%         3
 Mephitic Cloud           Conj/Pois/Air  3%         N/A       50%         3
 Dispel Undead            Necr           2%         3d7       92%         4
 Death Channel            Necr           1%         N/A       100%        6


Dungeon Overview and Level Annotations

Branches:
Dungeon (3/15)

Altars:

Shops:
D:1 ?   D:3 [

Annotations:
D:3 Ijyb, Jessica


Innate Abilities, Weirdness & Mutations

You are partially covered in slimy green scales. (AC +2)
A weak demonic guardian rushes to your aid.


Message History

There is a stone staircase leading down here.
You climb downwards.
Level annotation: Ijyb, Jessica
There is a stone staircase leading up here.
Things that are here:
a +0 scale mail; a +0 falchion; an orc skeleton No target in view!
h - a scroll of identify No target in view!
You now have 150 gold pieces (gained 10).
You open the door.
Found a stone staircase leading down.
No target in view!
There is an open door here.
There is an open door here.
You open the door.
Found a stone staircase leading down.
No target in view!
No target in view!
Ijyb shouts!
Ijyb is nearby!
Ijyb drinks a potion.
Ijyb flickers and vanishes!
Deactivating autopickup; reactivate with Ctrl-A.
No target in view!
There is a strange disturbance nearby!
No target in view!
There is a strange disturbance nearby!
No target in view!
No target in view!
You hear a zap.
An iceblast appears from out of thin air!
The mass of ice explodes!
The iceblast engulfs you!
A demonic guardian appears!
The iceblast engulfs your iron imp!
Your iron imp partially resists.
The now-empty wand crumbles to dust.
Something hits you.
You hit something but do no damage. Something hits you!
* * * LOW HITPOINT WARNING * * *
You puncture something! Your punch misses something. Something hits you!
You die...

........)..............# ..
#.#.#.##.#..#.........# .#
#.......)...#.<.......# .#
###.......#..........## .#
#...................#..
.#####†......#..............
.#.)..)......#..............
.#.###.......##.5.........##
.[.# #########..@.........#
..## ####......##{..........
..####......######..........
...........## ...........
##.....##### #.≈≈≈≈≈.≈≈≈≈
.##...##.># ≈.....≈
..#...#...# ≈.≈≈≈≈≈
.'#...#'.## ≈.≈...≈
##.....##### ≈.≈.≈.≈


You could see a friendly iron imp (summoned).

Vanquished Creatures
  3 worms
  6 orcs (D:3)
  A bat (D:2)
  4 endoplasms
  4 goblins
  7 hobgoblins
  4 jackals (D:3)
  4 kobolds
  3 quokkas
  A ball python (D:1)
  3 frilled lizards
  2 rats
42 creatures vanquished.

Notes
Turn   | Place    | Note
-------+----------+-------------------------------------------
     0 | D:1      | Sin92 the Demonspawn Hedge Wizard began the quest for the
                  | Orb.
     0 | D:1      | Reached XP level 1. HP: 13/13 MP: 4/4
   285 | D:1      | Reached skill level 1 in Translocations
   416 | D:1      | Gained mutation: A weak demonic guardian rushes to your
                  | aid. [demonic ancestry]
   416 | D:1      | Reached XP level 2. HP: 12/19 MP: 6/6
  1184 | D:1      | Found Qatt's Magic Scroll Shoppe.
  1620 | D:2      | Reached skill level 1 in Short Blades
  1705 | D:2      | Gained mutation: You are partially covered in slimy green
                  | scales. (AC +2) [demonic ancestry]
  1705 | D:2      | Reached XP level 3. HP: 15/25 MP: 7/7
  2141 | D:3      | Found Nahaep's Antique Armour Shoppe.
  2604 | D:3      | Noticed Ijyb
  2605 | D:3      | Noticed Jessica
  3272 | D:3      | Slain by Ijyb

Illustrated notes

Levels and vault maps discovered:
D:1:      sevenhm_arrival_forest_fort_large_2, layout_loops_ring, serial_shops,
          nicolae_shop_stone
D:2:      layout_rooms, serial_glass, glass_columns_a, glass_columns_c,
          glass_columns_a, glass_columns_a, dk_noncrumbling_4
D:3:      layout_rooms, mainiacjoe_overflow_catwalk_spiral, serial_shops,
          nicolae_lakefront_shop, nicolae_concentric_dashed_squares_mild,
          minmay_misc_feat_room, grunt_ministairs_6, nicolae_wormholes,
          uniq_ijyb, uniq_jessica

Skill      XL: |  1  2  3 |
---------------+----------+-----
Translocations | 1 |  1.4
Stealth        | 2 |  2.2
Short Blades   | 1 |  1.4
Dodging        | 2 |  2.1
Fighting       | |  0.8
Spellcasting   | |  3.1
Conjurations   | |  1.5
Summonings     | |  1.0

Action                   || total
-------------------------++-------
Melee: Short sword       ||   104
       Dagger            ||     8
       Punch             ||     2
  Use: Scroll            ||     4
       Potion            ||     4
 Stab: Sleeping          ||     3
Armor: Robe              ||    31
Dodge: Dodged            ||    88
